 Dungeon Crawl Stone Soup version 0.30-a0-937-ga0a21ad780 (webtiles) character file.

Game seed: 14349032364697208518

5905 garo1102 the Geomancer (level 10, -3/63 HPs)
             Began as a Gargoyle Earth Elementalist on Mar 23, 2023.
             Was a Believer of Sif Muna.
             Slain by a troll (6 damage)
             ... on level 10 of the Dungeon on Mar 24, 2023.
             The game lasted 00:59:31 (10946 turns).

garo1102 the Geomancer (GrEE)                      Turns: 10946, Time: 00:59:32

Health: -3/63      AC: 12    Str: 12    XL:     10   Next: 82%
Magic:  18/19      EV: 13    Int: 20    God:    Sif Muna [**....]
Gold:   715        SH:  5    Dex: 10    Spells: 9/21 levels left

rFire   + . .      SeeInvis .    D - +9 dagger "Ateoh" {pain, rF+ Will+}
rCold   . . .      Faith    .    (no shield)
rNeg    + . .      Spirit   .    a - +1 robe
rPois   ∞          Reflect  +    (no helmet)
rElec   +          Rampage  .    t - +0 cloak
rCorr   .                        (no gloves)
Will    +....                    I - +0 pair of boots
Stlth   +++                      j - amulet of reflection
HPRegen 0.30/turn                (no ring)
MPRegen 0.16/turn                (no ring)

@: no status effects
A: sickness immunity, AC +7, negative energy resistance 1, electricity
resistance, torment resistance 1, petrification resistance
a: Renounce Religion, Channel Magic


You were on level 10 of the Dungeon.
You worshipped Sif Muna.
Sif Muna was pleased with you.
You visited 2 branches of the dungeon, and saw 11 of its levels.

You collected 715 gold pieces.

Inventory:

Hand Weapons
 h - a +0 dagger
 v - a +1 mace of protection
 x - a +5 morningstar
 A - a +1 flail of venom
 D - the +9 dagger "Ateoh" (weapon) {pain, rF+ Will+}
   (You found it on level 8 of the Dungeon)

   rF:        It protects you from fire.
   Will:      It increases your willpower.
Armour
 a - a +1 robe (worn)
 g - a +0 buckler
 t - a +0 cloak (worn)
 I - a +0 pair of boots (worn)
Magical Staves
 c - a staff of air
Jewellery
 i - an amulet of faith
 j - an amulet of reflection (around neck)
 G - a +6 ring of strength
Wands
 l - a wand of polymorph (11)
 n - a wand of flame (10)
Scrolls
 p - 5 scrolls of enchant armour
 q - 2 scrolls of magic mapping
 s - 3 scrolls of fog
 u - 2 scrolls of vulnerability
 w - a scroll of fear
 y - 6 scrolls of identify
 z - a scroll of blinking {unknown}
 B - a scroll of amnesia {unknown}
 E - a scroll of brand weapon {unknown}
 F - a scroll of poison
 K - a scroll of silence {unknown}
Potions
 b - 4 potions of magic
 d - 2 potions of berserk rage {unknown}
 e - a potion of curing
 f - a potion of ambrosia {unknown}
 k - 2 potions of lignification {unknown}
 m - 2 potions of haste
 o - 2 potions of resistance
 r - 2 potions of heal wounds {unknown}
 C - 3 potions of mutation {unknown}
 H - 2 potions of degeneration {unknown}
 J - a potion of flight {unknown}
 L - 2 potions of invisibility {unknown}
 M - a potion of cancellation {unknown}


   Skills:
 + Level 7.1 Fighting
 + Level 4.3 Maces & Flails
 + Level 5.6 Dodging
 - Level 6.0 Stealth
 + Level 6.4 Spellcasting
 + Level 6.2 Conjurations
 - Level 0.7 Transmutations
 + Level 8.8 Earth Magic


You had 9 spell levels left.
You knew the following spells:

 Your Spells              Type           Power      Damage    Failure   Level
a - Sandblast             Erth           82%        2d17      1%          1
b - Stone Arrow           Conj/Erth      72%        3d11      1%          3
c - Passwall              Tmut/Erth      20%        N/A       2%          2
d - Magic Dart            Conj           100%       1d8       1%          1
e - Lee's Rapid Deconstr  Erth           20%        3d12*     8%          5

Your spell library contained the following spells:

 Spells                   Type           Power      Damage    Failure   Level
 Searing Ray              Conj           62%        2d6       1%          2
 Beastly Appendage        Tmut           18%        N/A       8%          1
 Sting                    Tmut/Pois      28%        1d4       9%          1
 Wereblood                Tmut           9%         N/A       11%         2
 Mephitic Cloud           Conj/Pois/Air  14%        N/A       13%         3
 Petrify                  Tmut/Erth      25%        N/A       14%         4
 Call Imp                 Summ           6%         N/A       16%         2
 Ensorcelled Hibernation  Hex/Ice        12%        N/A       16%         2
 Spider Form              Tmut/Pois      7%         N/A       26%         3
 Fulminant Prism          Conj/Hex       9%         3d7       28%         4
 Iskenderun's Mystic Bla  Conj/Tloc      18%        2d6       28%         4
 Kindle Blastsparks       Fire/Tloc/Air  12%        2d11      30%         3
 Swiftness                Air            6%         N/A       30%         3
 Iron Shot                Conj/Erth      18%        9d4       56%         6
 Metabolic Englaciation   Hex/Ice        3%         N/A       95%         5
 Statue Form              Tmut/Erth      Unusable   N/A       N/A         6

Dungeon Overview and Level Annotations

Branches:
Dungeon (10/15)            Temple (1/1) D:5
   Lair: D:8-11         Orc: D:9-12

Altars:
Ashenzari
Cheibriados
Dithmenos
Elyvilon
Fedhas
Gozag
Hepliaklqana
Kikubaaqudgha
Makhleb
Nemelex Xobeh
Okawaru
Qazlal
Ru
Sif Muna
Trog
Uskayaw
Vehumet
Wu Jian
Xom
Yredelemnul
Zin
The Shining One

Shops:
D:7 (   D:8 *

Annotations:
D:6 4 runed translucent doors, Crazy Yiuf; soul19's ghost, novice OpSu
D:10 3 runed translucent doors, jasper's ghost, novice DsWn


Innate Abilities, Weirdness & Mutations

You are immune to sickness and miasma.
Your stone body is resilient. (AC +7)
You are immune to poison.
You resist negative energy. (rN+)
You are resistant to electric shocks. (rElec)
You are resistant to unholy torment.
You are immune to petrification.


Message History

You open the door.
Found 6 poisoned darts.
There is an open door here.
You now have 715 gold pieces (gained 11).
You see here 6 poisoned darts.
Found a glowing golden altar of the Shining One.
G - a +6 ring of strength A troll comes into view.
The troll shouts!
You start putting on your amulet.
You continue putting on your amulet of reflection. x5
The troll bites you! The troll claws you. The troll barely misses you.
You finish putting on your amulet of reflection.
You feel a shielding aura gather around you.
j - an amulet of reflection (around neck)
Casting: Sandblast (safe; 1% risk of failure)
Confirm with . or Enter, or press ? or * to list all spells.
Aiming: Sandblast (safe; 1% risk of failure)
Press: ? - help, Shift-Dir - straight line, f - troll
Aim: a troll (85% to hit)
The blast of sand hits the troll.
The troll is lightly wounded.
The troll bites you. You block the troll's attack. The troll claws you.
You block the troll's attack. The troll claws you! The troll barely misses you.
Casting: Sandblast (safe; 1% risk of failure)
Confirm with . or Enter, or press ? or * to list all spells.
Aiming: Sandblast (safe; 1% risk of failure)
Press: ? - help, Shift-Dir - straight line, f/p - troll
Aim: a troll (lightly wounded, 85% to hit)
The blast of sand hits the troll!!
The troll is severely wounded.
The troll completely misses you. The troll closely misses you.
The troll claws you! The troll attacks as you move away! The troll bites you!
* * * LOW HITPOINT WARNING * * *
The troll barely misses you. You block the troll's attack.
The troll attacks as you move away! The troll bites you!
* * * LOW HITPOINT WARNING * * *
The troll misses you. The troll claws you.
You die...

........## #..#
######### #..# ...#
#..# ##.# #..# ...#
#..# ####
#######..#
.........#
########T#
################@##
..................#
###################


You could see a troll.

Vanquished Creatures
  4 kobold demonologists
  A troll (D:10)
  2 hornets
  Grinder (D:4)
  A jumping spider (D:7)
  4 yaks
  3 steam dragons
  Edmund (D:6)
  An acid dragon (D:10)
  An orc warrior (D:7)
  2 sky beasts
  An ice beast (D:7)
  5 centaurs
  A gnoll sergeant (D:8)
  A bullfrog (D:6)
  2 scorpions (D:4)
  10 wights
  3 killer bees (D:8)
  4 howler monkeys
  3 jellies
  A quasit (D:8)
  A hound (D:7)
  5 orc priests
  A gnoll bouda (D:9)
  2 iguanas (D:7)
  4 orc wizards
  A mummy (D:7)
  7 gnolls
  8 adders
  6 shadow imps
  5 white imps
  7 ufetubi
  2 worms
  7 dart slugs
  14 orcs
  An endoplasm (D:1)
  3 giant cockroaches
  6 goblins
  5 hobgoblins
  9 kobolds
  7 quokkas
  7 ball pythons
  8 bats
  A frilled lizard (D:2)
  A goblin zombie (D:7)
  A hobgoblin zombie (D:7)
  5 rats
176 creatures vanquished.

Vanquished Creatures (others)
  A human (D:7)
  A goblin (D:1)
  10 demonic plants (D:8)
  A fungus (D:6)
  3 plants
16 creatures vanquished.

Grand Total: 192 creatures vanquished

Notes
Turn   | Place    | Note
-------+----------+-------------------------------------------
     0 | D:1      | garo1102 the Gargoyle Earth Elementalist began the quest
                  | for the Orb.
     0 | D:1      | Reached XP level 1. HP: 10/10 MP: 3/3
   105 | D:1      | Reached XP level 2. HP: 16/16 MP: 1/5
   470 | D:1      | Reached skill level 1 in Fighting
   509 | D:1      | Reached XP level 3. HP: 20/20 MP: 3/6
   565 | D:1      | Reached skill level 4 in Earth Magic
  1031 | D:2      | Reached XP level 4. HP: 25/25 MP: 3/7
  1145 | D:2      | Learned a level 3 spell: Stone Arrow
  1228 | D:2      | Found a sacrificial altar of Ru.
  1856 | D:3      | Found a faded altar of an unknown god.
  1991 | D:3      | Found a blossoming altar of Fedhas.
  2075 | D:3      | Reached XP level 5. HP: 22/30 MP: 2/8
  2486 | D:4      | Noticed Grinder
  2511 | D:4      | Killed Grinder
  2512 | D:4      | Reached XP level 6. HP: 36/36 MP: 3/10
  2606 | D:4      | Reached skill level 5 in Earth Magic
  2669 | D:4      | Learned a level 2 spell: Passwall
  2888 | D:4      | Got Sif Muna's Opusculum on the Excruciating Cure
  3296 | D:5      | Entered Level 5 of the Dungeon
  3371 | D:5      | Reached XP level 7. HP: 39/41 MP: 12/12
  3375 | D:5      | Learned a level 1 spell: Magic Dart
  3835 | D:5      | Reached skill level 1 in Conjurations
  3937 | D:5      | Found a staircase to the Ecumenical Temple.
  3949 | Temple   | Entered the Ecumenical Temple
  4148 | Temple   | Became a worshipper of Sif Muna the Loreminder
  5083 | D:6      | Reached skill level 5 in Stealth
  5083 | D:6      | Reached XP level 8. HP: 48/48 MP: 8/13
  5195 | D:6      | Noticed Edmund
  5242 | D:6      | Killed Edmund
  5408 | D:6      | Found a runed translucent gate.
  5408 | D:6      | Found a runed translucent gate.
  5408 | D:6      | Found a runed translucent gate.
  5420 | D:6      | Noticed soul19's ghost (novice OpSu)
  5545 | D:6      | Reached skill level 6 in Earth Magic
  5783 | D:6      | You fall into a shaft and drop 3 floors!
  5995 | D:8      | Noticed a hornet
  6006 | D:7      | Found an ancient bone altar of Kikubaaqudgha.
  6182 | D:7      | Noticed a yak
  6182 | D:7      | Noticed a yak
  6263 | D:7      | Noticed a yak
  6587 | D:6      | Found a runed translucent door.
  6588 | D:6      | Noticed Crazy Yiuf
  6725 | D:7      | Reached XP level 9. HP: 53/53 MP: 13/16
  6751 | D:6      | Reached skill level 5 in Fighting
  6845 | D:7      | a raiju changed into a yaktaur
  6845 | D:7      | Noticed a yaktaur
  6847 | D:7      | a yaktaur changed into a jumping spider
  6982 | D:7      | Reached * piety under Sif Muna
  7010 | D:7      | Reached skill level 1 in Maces & Flails
  7106 | D:6      | Reached skill level 5 in Spellcasting
  7255 | D:7      | Upgraded the game from 0.30-a0-930-gb9d0489357 to
                  | 0.30-a0-937-ga0a21ad780
  7259 | D:7      | Reached skill level 7 in Earth Magic
  7914 | D:7      | Found Ohyahi Ocie's Firing Range.
  8223 | D:7      | Learned a level 5 spell: Lee's Rapid Deconstruction
  8305 | D:8      | Reached skill level 5 in Conjurations
  8463 | D:7      | Killed a hornet
  8464 | D:7      | Reached skill level 5 in Dodging
  8464 | D:7      | Reached XP level 10. HP: 57/60 MP: 10/18
  8535 | D:8      | Reached skill level 8 in Earth Magic
  8575 | D:8      | Identified the +9 dagger "Ateoh" {pain, rF+ Will+}
  8801 | D:8      | Reached ** piety under Sif Muna
  8977 | D:8      | Found Neicluz's Assorted Antiques.
  9570 | D:9      | Found a hazy altar of Hepliaklqana.
  9587 | D:9      | Found a snail-covered altar of Cheibriados.
  9665 | D:9      | Noticed a kobold demonologist
  9684 | D:9      | Found a shimmering altar of Xom.
  9684 | D:9      | Found a shimmering altar of Xom.
  9684 | D:9      | Found a shimmering altar of Xom.
  9684 | D:9      | Found a shimmering altar of Xom.
  9687 | D:9      | Found a shimmering altar of Xom.
  9688 | D:9      | Found a shimmering altar of Xom.
  9930 | D:9      | Noticed a smoke demon
  9930 | D:9      | Killed a kobold demonologist
 10119 | D:10     | Entered Level 10 of the Dungeon
 10141 | D:10     | Found a basalt altar of Yredelemnul.
 10325 | D:10     | Found a runed translucent gate.
 10326 | D:10     | Found a runed translucent gate.
 10326 | D:10     | Found a runed translucent gate.
 10326 | D:10     | Noticed jasper's ghost (novice DsWn)
 10476 | D:10     | Noticed a kobold demonologist
 10488 | D:10     | Noticed a kobold demonologist
 10496 | D:10     | Killed a kobold demonologist
 10587 | D:10     | Noticed a kobold demonologist
 10600 | D:10     | Killed a kobold demonologist
 10603 | D:10     | Killed a kobold demonologist
 10865 | D:10     | Found a glowing golden altar of the Shining One.
 10946 | D:10     | HP: 3/63 [troll (11)]
 10946 | D:10     | Slain by a troll

Illustrated notes

Levels and vault maps discovered:
D:1:      lemuel_arrival_rhombus, layout_basic, grunt_decor_fettered,
          lemuel_flame_loot_1
D:2:      layout_loops_ring, basic_altar
D:3:      layout_rooms, fedhas_altar_4, dreamdust_ecumenical_altar_sealed_demon,
          corexii_shack
D:4:      layout_loops_ring, uniq_grinder
D:5:      layout_loops_corners, temple_green
D:6:      layout_loops_ring, gammafunk_ghost_nasty_kobolds,
          uniq_crazy_yiuf_cottage, uniq_edmund
D:7:      layout_rooms, tgw_kikubaaqudgha, nicolae_ossuary_entry_giza,
          nicolae_shop_firing_range
D:8:      layout_cave_pools, serial_demonic, serial_demonic_b, serial_demonic_d,
          serial_demonic_c, serial_demonic_g, serial_demonic_d,
          serial_demonic_g, serial_demonic_d, serial_demonic_a, serial_shops,
          nicolae_shop_overgrown_old_shop, david_defended_altar_orc
D:9:      layout_basic, xom_shifter_show, lemuel_tele_altar,
          cheibriados_altar_1, kennysheep_cross_room, hex_medium
D:10:     layout_basic, nicolae_overflow_hidden_temple,
          mainiacjoe_overflow_concentric_impassable, ebering_ghost_rock_garden
Temple:   regret_index_temple_generic_petals

Skill      XL: |  1  2  3  4  5  6  7  8  9 10 |
---------------+-------------------------------+-----
Fighting       | 1 2 3 4 6 7 |  7.1
Earth Magic    | 4 5 6 7 8 |  8.8
Dodging        | 2 3 4 5 |  5.6
Stealth        | 3 4 5 6 |  6.0
Spellcasting   | 3 4 5 6 |  6.4
Conjurations   | 2 3 5 6 |  6.2
Maces & Flails | 3 4 |  4.3
Transmutations | |  0.7

Action                     |  1- 3 |  4- 6 |  7- 9 | 10-12 || total
---------------------------+-------+-------+-------+-------++-------
  Melee: Dagger            |     3 |    47 |    26 |    21 ||    97
         Punch             |       |       |     1 |       ||     1
         Flail             |       |       |    12 |       ||    12
   Cast: Sandblast         |    42 |    53 |    92 |    65 ||   252
         Stone Arrow       |       |       |    53 |    19 ||    72
         Magic Dart        |       |       |     2 |       ||     2
         Passwall          |       |       |       |     2 ||     2
  Evoke: Wand              |       |       |     8 |       ||     8
    Use: Scroll            |       |    10 |     4 |       ||    14
         Potion            |       |       |     1 |       ||     1
   Stab: Sleeping          |       |     3 |     7 |     1 ||    11
 Armour: Robe              |     9 |    28 |    77 |    56 ||   170
  Dodge: Dodged            |    22 |    56 |   148 |   114 ||   340
  Block: Other             |       |       |       |     3 ||     3

Table legend: (Time is in decaauts)
 A = Elapsed time spent in this place.
 B = Non-inter-level travel time spent in this place.
 C = Inter-level travel time spent in this place.
 D = Time resting spent in this place.
 E = Time spent auto-exploring this place.
 F = Levels seen in this place.
 G = Mean time per level.
                   A        B        C        D        E       F      G
               +--------+--------+--------+--------+--------+-----+--------+
         Total |  11093 |  10731 |    362 |   2753 |   5171 |  11 | 1008.5 |
       Dungeon |  10858 |  10518 |    340 |   2753 |   4980 |  10 | 1085.8 |
        Temple |    234 |    212 |     22 |      0 |    191 |   1 |  234.0 |
               +--------+--------+--------+--------+--------+-----+--------+

Top non-repeatable levels by time:
     D:6: 1925 daAuts
     D:7: 1635 daAuts
     D:5: 1121 daAuts
     D:4: 1050 daAuts
     D:9: 1004 daAuts
     D:1: 931 daAuts
     D:2: 909 daAuts
    D:10: 834 daAuts
     D:8: 799 daAuts
     D:3: 645 daAuts
  Temple: 234 daAuts
